Map: Submarino EE

Players

MrFercho - Winner!

  • Race: Zerg Zerg
  • League: Silver
  • Spawn Location: 11:00

mollejita

  • Race: Terran Terran
  • League: Silver
  • Spawn Location: 5:00

VOD

Have the link to the VOD?

Description

Time

  • Played on: July 4, 2020, 11:17 a.m.
  • Length: 17:32
Show
View Real Time Build Order
Export as new Build Order

MrFercho Zerg - Winner!

Build Orders: Hatch First, Lurkers, Roach Hydra 

Get SALT Encoding   

  12  0:01  Drone  
  13  0:13  Overlord  
  13  0:18  Drone  
  14  0:31  Drone x2  
  16  0:51  Hatchery  
  16  0:52  Drone  
  16  1:13  Spawning Pool, Drone  
  16  1:14  Drone  
  17  1:20  Drone  
  17  1:24  Drone  
  19  1:38  Extractor  
  19  1:39  Drone  
  19  1:48  Drone  
  20  2:06  Drone x2  
  22  2:09  Queen  
  22  2:12  Queen  
  22  2:13  Overlord  
  22  2:15  Drone  
  27  2:23  Drone  
  28  2:30  Overlord  
  28  2:33  Zergling x2  
  28  2:35  Drone  
  30  2:40  Drone  
  31  2:50  Drone  
  32  2:51  Drone  
  33  3:07  Queen  
  33  3:10  Lair  
  34  3:15  Drone x4  
  38  3:23  Drone x2  
  40  3:43  Evolution Chamber  
  40  3:46  Roach Warren  
  39  3:55  Drone  
  39  3:56  Drone x5  
  39  3:58  Overlord x3  
  39  4:02  Extractor  
  43  4:04  Extractor  
  42  4:13  Zerg Missile Weapons Level 1  
  42  4:20  Drone x5  
  42  4:21  Drone  
  48  4:28  Glial Reconstitution  
  48  4:39  Roach x5  
  58  4:56  Spine Crawler  
  58  4:58  Drone  
  58  4:59  Spine Crawler, Drone x4  
  62  5:00  Drone, Spore Crawler  
  62  5:01  Drone  
  62  5:07  Extractor  
  62  5:11  Roach  
  63  5:23  Overlord x2  
  63  5:26  Roach x2  
  67  5:41  Overseer  
  67  5:45  Roach  
  67  5:46  Roach x5  
  79  5:55  Zergling x2  
  80  6:00  Drone x4  
  84  6:21  Hatchery  
  83  6:34  Overlord x4  
  83  6:36  Overlord x2  
  83  6:48  Hydralisk Den  
  83  6:52  Drone  
  83  6:53  Evolution Chamber, Drone  
  82  7:27  Pneumatized Carapace  
  82  7:30  Drone  
  82  7:31  Drone x9  
  82  7:35  Overlord  
  92  7:55  Drone  
  92  7:56  Drone x7  
  100  8:02  Extractor, Overseer  
  99  8:05  Extractor  
  99  8:12  Drone  
  99  8:13  Drone x9  
  99  8:18  Hatchery  
  107  8:20  Extractor  
  107  8:22  Extractor  
  105  8:27  Muscular Augments  
  105  8:28  Hatchery  
  105  8:31  Hydralisk x6  
  105  8:32  Lurker Den  
  115  8:55  Drone x6  
  117  8:56  Drone  
  122  9:14  Infestation Pit  
  122  9:15  Drone x3  
  124  9:18  Drone  
  124  9:19  Drone x4  
  129  9:35  Overlord x5  
  129  9:36  Overlord  
  129  9:39  Grooved Spines  
  129  9:45  Hatchery  
  128  9:46  Hydralisk x5  
  138  10:05  Hydralisk x10  
  158  10:09  Lurker x3  
  158  10:10  Lurker x3  
  158  10:13  Hive  
  164  10:14  Zerg Missile Weapons Level 2  
  164  10:19  Zerg Ground Armor Level 1  
  163  10:29  Hydralisk x7  
  163  10:30  Hydralisk x8  
  193  10:46  Nydus Network  
  186  11:01  Drone x3  
  186  11:02  Drone x3  
  186  11:03  Drone x3  
  195  11:04  Drone  
  196  11:23  Spine Crawler  
  196  11:24  Spine Crawler  
  196  11:25  Spine Crawler  
  193  11:28  Spine Crawler  
  193  11:30  Spine Crawler  
  185  11:54  Hydralisk x8  
  185  11:55  Hydralisk x6  
  185  12:38  Hydralisk x6  
  185  12:39  Hydralisk  
  185  12:43  Zerg Ground Armor Level 2  
  199  12:44  Zerg Missile Weapons Level 3  
  199  12:47  Adaptive Talons  
  199  13:16  Overseer  
  199  13:17  Hatchery  
  198  13:20  Extractor  
  198  13:22  Extractor  
  196  13:44  Seismic Spines  
  196  14:16  Hydralisk  
  198  14:32  Nydus Canal  
  198  15:07  Spire  
  197  15:37  Overlord x3  
  197  15:38  Overlord x2  
  197  16:21  Nydus Canal  
  197  16:29  Extractor  
  197  16:30  Hatchery  
  197  16:31  Extractor  
  188  16:56  Hydralisk x2  
  188  16:57  Hydralisk x6  
Show
View Real Time Build Order
Export as new Build Order

mollejita Terran 

Build Orders:  

Get SALT Encoding   

  12  0:04  SCV  
  13  0:16  SCV  
  14  0:28  SCV  
  15  0:30  Supply Depot  
  15  0:40  Refinery  
  15  0:51  SCV  
  16  1:04  Barracks  
  16  1:07  SCV  
  17  1:19  SCV  
  18  1:35  SCV  
  19  1:47  SCV  
  19  1:53  Reaper  
  21  1:55  Command Center  
  21  2:04  Orbital Command  
  21  2:16  Engineering Bay  
  21  2:28  Marine  
  22  2:34  SCV  
  23  2:41  Refinery  
  23  2:42  Engineering Bay  
  23  3:06  Marine, SCV  
  23  3:11  Orbital Command  
  24  3:18  SCV  
  25  3:31  SCV  
  25  3:32  Terran Infantry Armor Level 1  
  26  3:37  Terran Infantry Weapons Level 1  
  26  3:43  SCV x2  
  28  3:50  Bunker  
  28  3:51  Marine  
  28  3:55  SCV x2  
  31  4:03  Factory  
  31  4:07  SCV x2  
  33  4:10  Barracks Tech Lab  
  33  4:19  SCV x2  
  35  4:30  Supply Depot  
  35  4:31  SCV x2  
  37  4:47  Armory  
  37  4:52  Supply Depot  
  37  4:53  Barracks  
  37  4:54  Factory Tech Lab  
  37  4:57  Stimpack  
  37  5:01  SCV x2  
  39  5:13  SCV x2  
  41  5:15  Command Center  
  41  5:20  Marauder  
  43  5:21  Siege Tank  
  43  5:25  SCV x2  
  48  5:37  SCV x2  
  48  5:40  Marine  
  48  5:42  Marine  
  52  5:46  Refinery  
  52  5:49  SCV x2  
  54  6:06  Refinery  
  54  6:14  Barracks Reactor  
  54  6:27  Marine, SCV x2, Siege Tank  
  60  6:36  Combat Shield  
  60  6:39  SCV  
  61  6:41  Terran Vehicle Weapons Level 1  
  61  6:43  Terran Infantry Weapons Level 2, Terran Infantry Armor Level 2  
  61  6:44  Marine  
  62  6:54  Supply Depot  
  62  6:57  SCV  
  62  6:58  SCV  
  64  7:02  Marine  
  65  7:09  SCV  
  65  7:10  SCV  
  67  7:16  Supply Depot  
  67  7:20  Marine  
  68  7:25  Orbital Command  
  68  7:28  Siege Tank  
  71  7:31  Marine x2  
  73  7:38  Supply Depot, Marine  
  74  7:48  Marine  
  74  7:49  Marine  
  76  7:54  Starport  
  76  7:56  Marine  
  77  7:58  Factory  
  77  8:00  Siege Tank  
  80  8:06  Marine  
  81  8:14  Marauder  
  81  8:15  Missile Turret  
  83  8:32  Marine x2, Siege Tank  
  88  8:35  Marauder, Terran Vehicle And Ship Armor Level 1  
  88  8:36  Missile Turret  
  88  8:41  Starport Reactor  
  90  8:42  Factory Tech Lab  
  90  8:49  Marine  
  90  8:50  Marine  
  92  8:57  Missile Turret  
  92  9:07  Marine  
  92  9:09  Marine  
  97  9:10  Marauder, Siege Tank  
  97  9:12  Refinery  
  99  9:22  Refinery  
  99  9:23  Command Center  
  99  9:25  Marine  
  99  9:26  Refinery  
  99  9:27  Marine  
  101  9:35  Missile Turret  
  101  9:38  Refinery  
  100  9:43  Marine  
  101  9:57  Missile Turret  
  101  10:17  Missile Turret  
  101  10:25  SCV  
  101  10:38  Missile Turret  
  101  10:50  Concussive Shells  
  101  10:53  Terran Infantry Weapons Level 3  
  101  10:56  Terran Infantry Armor Level 3  
  101  10:58  Terran Vehicle Weapons Level 2, Missile Turret  
  101  11:13  Supply Depot  
  101  11:20  Missile Turret  
  101  11:34  Marine x2  
  101  11:35  Marauder, Medivac x2, Supply Depot  
  109  11:51  SCV  
  109  11:52  SCV  
  109  11:53  SCV  
  109  11:54  Marine x2  
  109  11:56  Marauder, Thor  
  109  11:58  Supply Depot  
  115  12:03  SCV  
  115  12:05  SCV  
  117  12:09  SCV  
  117  12:10  Medivac  
  117  12:11  Medivac  
  117  12:12  Marine, Siege Tank  
  109  12:15  SCV  
  109  12:18  Marauder  
  109  12:20  Marine  
  109  12:21  Supply Depot, SCV  
  105  12:29  Marine  
  106  12:38  Marine  
  106  12:39  Marauder, Thor  
  106  12:40  Medivac  
  106  12:41  Medivac  
  119  12:44  Siege Tank  
  119  12:45  Missile Turret  
  119  12:47  Marine  
  123  12:52  Command Center  
  123  12:56  Marine  
  124  13:01  Marauder  
  124  13:05  Marine  
  127  13:06  Missile Turret  
  127  13:10  Medivac  
  127  13:11  Medivac  
  131  13:14  Terran Vehicle And Ship Armor Level 2, Marine  
  132  13:23  Marine  
  133  13:27  Missile Turret  
  133  13:30  Neosteel Armor  
  133  13:32  Barracks  
  133  13:33  Hi-Sec Auto Tracking  
  133  13:48  Missile Turret  
  133  14:03  Marine x2, Siege Tank x2, SCV x3  
  133  14:04  Marauder  
  133  14:06  Refinery  
  146  14:11  Missile Turret  
  146  14:15  SCV x2, Planetary Fortress  
  148  14:21  Barracks  
  148  14:28  Barracks Reactor  
  148  14:32  Refinery  
  148  14:50  Supply Depot  
  148  15:11  Marine  
  148  15:12  Marauder, Supply Depot, Siege Tank, SCV x2  
  156  15:34  Medivac x2, Siege Tank, SCV  
  156  15:35  Supply Depot  
  164  15:43  Missile Turret  
  164  15:56  Thor, Marine, Missile Turret  
  172  15:57  SCV  
  172  16:02  Missile Turret  
  172  16:08  Barracks Tech Lab  
  172  16:17  Missile Turret  
  172  16:25  Missile Turret  
  172  16:37  Missile Turret  
  172  16:38  Marine x2  
  172  16:39  Marine  
  172  16:40  Marine x2  
  172  16:42  Medivac  
  172  16:46  Missile Turret  
  172  16:51  Refinery x2  
  171  16:55  Marine  
  171  16:56  Command Center, Marine  
  171  16:57  Medivac, Marine  
  170  17:06  Marine x2  
  170  17:07  Missile Turret  
  151  17:13  Marine  
Tags
 
Matchup
TvZ
Replay Pack
MrFercho
Spawn Locations
Cross Positions
Add a new tag
Caveats
  • Supply blocks, unpowered buildings, or Contaminate may cause inaccurate times.
  • Supply counts are checked every 10 seconds.